 Dungeon Crawl Stone Soup version 0.24.0-123-gd5b16e6ec5 (webtiles) character file.

Game seed: 6348926785012328866, levelgen mode: deterministic

6 Nattfarinn the Caller (level 1, -1/14 HPs)
             Began as a Barachi Summoner on Jan 19, 2020.
             Slain by a leopard gecko (5 damage)
             ... on level 1 of the Dungeon.
             The game lasted 00:00:35 (160 turns).

Nattfarinn the Caller (Barachi Summoner)             Turns: 160, Time: 00:00:36

Health: -1/14      AC:  2    Str:  9    XL:     1   Next: 90%
Magic:  1/3        EV: 12    Int: 15    God:
Gold:   17         SH:  0    Dex: 12    Spells: 3/4 levels left

rFire    . . .     SeeInvis .   h - +0 short sword
rCold    . . .     Gourm    .   (no shield)
rNeg     . . .     Faith    .   a - +0 robe
rPois    .         Spirit   .   (no helmet)
rElec    .         Reflect  .   (no cloak)
rCorr    .         Harm     .   (no gloves)
MR       .....                  (no boots)
Stlth    ++........             (no amulet)
HPRegen  0.04/turn              (no ring)
MPRegen  0.08/turn              (no ring)

@: slow
A: +LOS, swims, slowness 1, strong legs 1
a: Hop


You were on level 1 of the Dungeon.
You were not hungry.

You visited 1 branch of the dungeon, and saw 1 of its levels.

You collected 17 gold pieces.

Inventory:

Hand Weapons
 h - a +0 short sword (weapon)
Armour
 a - a +0 robe (worn)
Scrolls
 b - 2 scrolls of blinking {unknown}
 e - 2 scrolls of remove curse {unknown}
Potions
 d - a potion of curing {unknown}
 f - a potion of flight {unknown}
 g - 2 potions of heal wounds {unknown}
Comestibles
 c - a ration
 i - 2 chunks of flesh


   Skills:
 + Level 0.5 Fighting
 * Level 1.0 Armour
 - Level 2.1 Dodging
 - Level 1.7 Stealth
 - Level 2.1 Spellcasting
 * Level 5.0 Summonings


You had 3 spell levels left.
You knew the following spells:

 Your Spells              Type           Power        Failure   Level  Hunger
a - Summon Small Mammal   Summ           ###.         2%          1    #......

Your spell library contained the following spells:

 Spells                   Type           Power        Failure   Level  Hunger
 Call Imp                 Summ           ###.....     4%          2    ###....
 Call Canine Familiar     Summ           ###.....     9%          3    ###....
 Summon Guardian Golem    Hex/Summ       #.......     24%         3    ###....
 Summon Ice Beast         Ice/Summ       #.......     61%         4    #####..
 Summon Lightning Spire   Summ/Air       #.......     61%         4    #####..


Dungeon Overview and Level Annotations

Branches:
Dungeon (1/15)

Altars:


Innate Abilities, Weirdness & Mutations

Shadows flee at your approach. (+LOS)
You can swim through water.
You cover ground slowly.
You can hop short distances.


Message History

The leopard gecko completely misses you.
Your quokka bites the kobold.
You hit the kobold.
The kobold is heavily wounded.
The leopard gecko closely misses you. The kobold hits you but does no damage.
Your quokka completely misses the kobold.
The leopard gecko closely misses you.
You hit the kobold.
You kill the kobold!
Your Armour skill increases to level 1!
Your Summonings skill increases to level 5!
The leopard gecko barely misses you.
You barely miss the leopard gecko.
The leopard gecko completely misses you.
Your quokka misses the leopard gecko. The goblin hits you with a +0 club.
You completely miss the leopard gecko. The leopard gecko bites you.
* * * LOW HITPOINT WARNING * * *
Your quokka closely misses the leopard gecko.
The leopard gecko bites you.
You die...

#........#
##.##.#### ####.##
#...# #...#
#...######
#.........
....######...#####.
#...>l@..........
#..##..gr..........
#..%...........
#.###.....####. #..
#)###... #. #.#
.### . #.# .# ##
#.. # ###


You could see a leopard gecko, a goblin and a friendly quokka.

Vanquished Creatures
  A goblin (D:1)
  A hobgoblin (D:1)
  A kobold (D:1)
  A frilled lizard (D:1)
  A rat (D:1)
5 creatures vanquished.

Vanquished Creatures (collateral kills)
  A goblin (D:1)
1 creature vanquished.

Grand Total: 6 creatures vanquished

Notes
Turn   | Place    | Note
-------+----------+-------------------------------------------
     0 | D:1      | Nattfarinn the Barachi Summoner began the quest for the
                  | Orb.
     0 | D:1      | Reached XP level 1. HP: 13/13 MP: 3/3
   158 | D:1      | Reached skill level 1 in Armour
   158 | D:1      | Reached skill level 5 in Summonings
   160 | D:1      | Slain by a leopard gecko

Levels and vault maps discovered:
D:1:      dpeg_arrival_line_fractal, layout_loops_cross, minmay_tetromino_l4

Skill      XL: |  1 |
---------------+----+-----
Armour         | 1 |  1.0
Summonings     | 5 |  5.0
Fighting       | |  0.5
Dodging        | |  2.1
Stealth        | |  1.7
Spellcasting   | |  2.1

Action                   || total
-------------------------++-------
Melee: Short sword       ||    13
       Unarmed           ||     1
 Cast: Summon Small Mamm ||     3
Armor: Robe              ||     4
Dodge: Dodged            ||    13
